 Dungeon Crawl Stone Soup version 0.20.1-1-g8b1a95d (webtiles) character file.

25 slep the Cutter (level 2, -3/19 HPs)
             Began as a Demonspawn Wanderer on Oct 22, 2017.
             Slain by a leopard gecko (4 damage)
             ... on level 1 of the Dungeon.
             The game lasted 00:06:34 (1186 turns).

slep the Cutter (Demonspawn Wanderer)               Turns: 1186, Time: 00:06:35

Health: -3/19      AC:  2    Str: 12    XL:     2   Next: 82%
Magic:  3/3        EV: 12    Int: 15    God:
Gold:   54         SH:  7    Dex: 10    Spells: 3/3 levels left

rFire    + . .     SeeInvis .   b - +0 short sword
rCold    . . .     Gourm    .   a - +0 shield
rNeg     . . .     Faith    .   d - +0 robe
rPois    .         Spirit   .   (no helmet)
rElec    .         Reflect  .   (no cloak)
rCorr    .         Harm     .   (no gloves)
MR       .....                  (no boots)
Stlth    +.........             (no amulet)
Regen    0.1/turn               e - +2 ring of evasion
MPRegen  0.1/turn               k - ring of protection from fire

@: no status effects
A: repulsion field 1
a: no special abilities


You were on level 1 of the Dungeon.
You were not hungry.

You visited 1 branch of the dungeon, and saw 1 of its levels.

You collected 54 gold pieces.

Inventory:

Hand Weapons
 b - a +0 short sword (weapon)
Armour
 a - a +0 shield (worn)
 d - a +0 robe (worn)
Jewellery
 e - a +2 ring of evasion (left hand)
 k - a ring of protection from fire (right hand)
Scrolls
 g - a scroll of enchant weapon {unknown}
 i - a scroll of identify {unknown}
Potions
 c - a potion of lignification
 j - a potion of curing {unknown}
Comestibles
 f - a bread ration


   Skills:
 + Level 4.3 Short Blades
 + Level 0.1 Dodging
 + Level 1.0 Stealth
 + Level 1.1 Shields
 + Level 1.0 Spellcasting
   Level 1.0 Charms
   Level 1.0 Poison Magic
   Level 1.0 Evocations


You had 3 spell levels left.
You didn't know any spells.

Dungeon Overview and Level Annotations

Branches:
Dungeon (1/15)

Altars:


Innate Abilities, Weirdness & Mutations

You are surrounded by a mild repulsion field. (EV +2)


Message History

You block the leopard gecko's attack.
You closely miss the leopard gecko.
The leopard gecko is lightly wounded.
The leopard gecko barely misses you. The leopard gecko bites you.
You barely miss the leopard gecko.
The leopard gecko is lightly wounded.
The leopard gecko bites you.
* * * LOW HITPOINT WARNING * * *
You miss the leopard gecko.
The leopard gecko is lightly wounded.
The leopard gecko closely misses you.
You barely miss the leopard gecko.
The leopard gecko is lightly wounded.
The leopard gecko misses you.
You barely miss the leopard gecko.
The leopard gecko is lightly wounded.
The leopard gecko bites you.
* * * LOW HITPOINT WARNING * * *
The leopard gecko bites you.
You die...

#...........#..##.##.....##....
+......####.#..#..###.....#....
#......# #.#.....# #.....#....
#...... #.##.#..# #.....#....
#...... #.#..#..# #.....#....
....... #.#..#..###.....#....
#........# #.##.#....'.....##...
#..%.....# #.##l#...##.....#'...
#........# #...@#...########'...
#........# ######...# #.........
.#........########...###.........
.......................'.........
##.........(.......####.........
##..)...######...#....[.)........
........# #...#...............
##.##.#.# #...#..........#####
......#.# #...#..........#


You could see a leopard gecko.

Vanquished Creatures
  An ooze (D:1)
  A dart slug (D:1)
  A leopard gecko (D:1)
  A giant cockroach (D:1)
  2 goblins (D:1)
  4 hobgoblins (D:1)
  A kobold (D:1)
  2 bats (D:1)
  A frilled lizard (D:1)
  3 rats (D:1)
17 creatures vanquished.

Notes
Turn   | Place    | Note
-------+----------+-------------------------------------------
     0 | D:1      | slep the Demonspawn Wanderer began the quest for the Orb.
     0 | D:1      | slep set off with: a +0 shield, a +0 short sword, a potion of lignification, a +0 robe, a bread ration
     0 | D:1      | Reached XP level 1. HP: 13/13 MP: 2/2
   452 | D:1      | Gained mutation: You are surrounded by a mild repulsion field. (EV +2) [demonic ancestry]
   452 | D:1      | Reached XP level 2. HP: 19/19 MP: 3/3
   454 | D:1      | Reached skill level 4 in Short Blades
  1186 | D:1      | Slain by a leopard gecko

Skill      XL: |  1  2 |
---------------+-------+-----
Short Blades   | 4 |  4.3
Dodging        | |  0.1
Stealth        | |  1.0
Shields        | |  1.1
Spellcasting   | |  1.0
Charms         | |  1.0
Poison Magic   | |  1.0
Evocations     | |  1.0

Action                   || total
-------------------------++-------
Melee: Short sword       ||    90
 Stab: Sleeping          ||     1
  Eat: Chunk             ||     1
Armor: Robe              ||    10
Dodge: Dodged            ||    25
Block: Shield            ||    28
